 Dungeon Crawl Stone Soup version 0.30-a0-862-g1aabd4f9c5 (webtiles) character file.

Game seed: 5691823762350687444

238 Racksonjoss101 the Magician (level 5, -2/28 HPs)
             Began as a Deep Elf Fire Elementalist on Mar 9, 2023.
             Slain by a gnoll
             ... wielding a +2 heavy flail
              (5 damage)
             ... on level 3 of the Dungeon.
             The game lasted 00:15:14 (2114 turns).

Racksonjoss101 the Magician (DEFE)                  Turns: 2114, Time: 00:15:15

Health: -2/28      AC:  3    Str:  5    XL:     5   Next: 78%
Magic:  2/13       EV: 13    Int: 22    God:
Gold:   102        SH:  0    Dex: 15    Spells: 12/13 levels left

rFire   . . .      SeeInvis .    v - +1 dagger (vamp)
rCold   . . .      Faith    .    (no shield)
rNeg    . . .      Spirit   .    a - +0 robe
rPois   .          Reflect  .    (no helmet)
rElec   .          Rampage  .    s - +0 cloak
rCorr   .                        (no gloves)
Will    .....                    (no boots)
Stlth   +++                      (no amulet)
HPRegen 0.24/turn                (no ring)
MPRegen 0.13/turn                (no ring)

@: no status effects
A: no striking features
a: no special abilities


You were on level 3 of the Dungeon.
You visited 1 branch of the dungeon, and saw 3 of its levels.

You collected 102 gold pieces.

Inventory:

Hand Weapons
 f - a +0 short sword
 h - a +0 mace
 k - a +0 scythe
 n - a +0 hand axe
 u - a +0 sling
 v - a +1 vampiric dagger (weapon)
Missiles
 c - 20 stones
 g - 6 atropa-tipped darts
 r - 6 javelins
Armour
 a - a +0 robe (worn)
 e - a +0 barding
 l - a +0 robe
 p - a +0 robe
 q - a +0 leather armour
 s - a +0 cloak (worn)
Scrolls
 t - a scroll of identify {unknown}
Potions
 b - 2 potions of magic
 d - 3 potions of attraction {unknown}
 i - 2 potions of ambrosia {unknown}
 j - a potion of cancellation {unknown}
 m - a potion of mutation {unknown}
 o - a potion of heal wounds {unknown}


   Skills:
 + Level 0.2 Fighting
 + Level 3.6 Dodging
 + Level 3.8 Stealth
 + Level 4.6 Spellcasting
 + Level 3.0 Conjurations
 + Level 4.5 Fire Magic


You had 12 spell levels left.
You knew the following spells:

 Your Spells              Type           Power      Damage    Failure   Level
a - Foxfire               Conj/Fire      84%        2x1d8     2%          1

Your spell library contained the following spells:

 Spells                   Type           Power      Damage    Failure   Level
 Scorch                   Fire           48%        2d7       2%          2
 Inner Flame              Hex/Fire       15%        N/A       13%         3
 Kindle Blastsparks       Fire/Tloc/Air  22%        2d11      17%         3
 Flame Wave               Conj/Fire      21%        2d8       22%         4
 Gell's Gravitas          Tloc           5%         N/A       32%         3
 Teleport Other           Tloc           5%         N/A       32%         3
 Dispersal                Tloc           2%         N/A       100%        6


Dungeon Overview and Level Annotations

Branches:
Dungeon (3/15)

Altars:


Message History

You barely miss the gnoll.
The gnoll is moderately wounded.
You feel sick. The gnoll closely misses you.
You hit the gnoll but do no damage.
The gnoll is moderately wounded.
You feel sick.
You barely miss the gnoll.
The gnoll is moderately wounded.
You feel sick. The gnoll closely misses you.
You closely miss the gnoll.
The gnoll is moderately wounded.
You feel sick. The gnoll barely misses you.
You barely miss the gnoll.
The gnoll is moderately wounded.
You feel sick.
You closely miss the gnoll.
The gnoll is moderately wounded.
You feel sick.
The gnoll hits you with a +2 heavy flail!!
Ouch! That really hurt!
* * * LOW HITPOINT WARNING * * *
You hit the gnoll.
You feel better.
The gnoll is heavily wounded.
You feel sick.
You are no longer poisoned.
The gnoll closely misses you.
You completely miss the gnoll.
The gnoll is heavily wounded.
You closely miss the gnoll.
The gnoll is heavily wounded.
The gnoll misses you.
You closely miss the gnoll. Your punch misses the gnoll.
The gnoll is heavily wounded.
The gnoll closely misses you.
You hit the gnoll.
The gnoll is heavily wounded.
You closely miss the gnoll.
The gnoll is heavily wounded.
The gnoll hits you with a +2 heavy flail.
You die...

####.......#.#...<..### ..
#####..###...†.....#### .
..........†.##....##### ###.
.........>###..........
##...####.#.#........###...##
#.!.................#....###
..#B.........#.###....####
............##.##...#.##
#...##..##..†g@.......# .
#.####..........##
#...............#
##..#[.....#.###...
#.[.....##.#.# ##
#....).......#.#
##.).......###.#
..)..†.#.#### .# ..........#


You could see a gnoll.

Vanquished Creatures
  Sigmund (D:2)
  2 gnolls (D:3)
  An adder (D:3)
  2 worms
  A dart slug (D:1)
  6 bats
  3 endoplasms
  2 giant cockroaches
  5 goblins
  4 hobgoblins
  A quokka (D:2)
  4 ball pythons
  8 frilled lizards
  3 kobolds
  2 rats (D:1)
45 creatures vanquished.

Vanquished Creatures (others)
  149 foxfires
149 creatures vanquished.

Grand Total: 194 creatures vanquished

Notes
Turn   | Place    | Note
-------+----------+-------------------------------------------
     0 | D:1      | Racksonjoss101 the Deep Elf Fire Elementalist began the
                  | quest for the Orb.
     0 | D:1      | Reached XP level 1. HP: 10/10 MP: 6/6
   190 | D:1      | Reached XP level 2. HP: 15/15 MP: 5/8
   890 | D:2      | Noticed Sigmund
   904 | D:2      | Killed Sigmund
   905 | D:2      | Reached XP level 3. HP: 4/19 MP: 2/11
   905 | D:2      | Reached XP level 4. HP: 5/24 MP: 2/12
   905 | D:2      | Reached XP level 5. HP: 6/28 MP: 2/13
  2108 | D:3      | HP: 1/28 [gnoll/+2 heavy flail (19)]
  2114 | D:3      | Slain by a gnoll

Illustrated notes

Levels and vault maps discovered:
D:1:      erik_arrival_orb_chamber, layout_basic
D:2:      layout_loops_cross, uniq_sigmund
D:3:      layout_rooms, mainiacjoe_overflow_six_doors_small,
          grunt_decor_one_mirror

Skill      XL: |  1  2  3  4  5 |
---------------+----------------+-----
Dodging        | 3 |  3.6
Stealth        | 3 |  3.8
Spellcasting   | 4 |  4.6
Conjurations   | 2 3 |  3.0
Fire Magic     | 4 |  4.5
Fighting       | |  0.2

Action                     |  1- 3 |  4- 6 || total
---------------------------+-------+-------++-------
  Melee: Unarmed           |     1 |       ||     1
         Dagger            |       |    12 ||    12
   Cast: Foxfire           |    38 |    54 ||    92
    Use: Scroll            |     1 |     4 ||     5
 Armour: Robe              |     8 |     3 ||    11
  Dodge: Dodged            |    28 |    16 ||    44

Table legend: (Time is in decaauts)
 A = Elapsed time spent in this place.
 B = Non-inter-level travel time spent in this place.
 C = Inter-level travel time spent in this place.
 D = Time resting spent in this place.
 E = Time spent auto-exploring this place.
 F = Levels seen in this place.
 G = Mean time per level.
                   A        B        C        D        E       F      G
               +--------+--------+--------+--------+--------+-----+--------+
         Total |   2111 |   2070 |     41 |    214 |      0 |   3 |  703.7 |
       Dungeon |   2111 |   2070 |     41 |    214 |      0 |   3 |  703.7 |
               +--------+--------+--------+--------+--------+-----+--------+

Top non-repeatable levels by time:
     D:2: 1089 daAuts
     D:1: 889 daAuts
     D:3: 132 daAuts
